 Dungeon Crawl Stone Soup version 0.21.1-1-g345015f (webtiles) character file.

109 nicolaieve the Chopper (level 4, 0/58 HPs)
             Began as a Minotaur Berserker on July 19, 2018.
             Was a Believer of Trog.
             Slain by a rat (3 damage)
             ... on level 2 of the Dungeon.
             The game lasted 00:03:47 (811 turns).

nicolaieve the Chopper (Minotaur Berserker)          Turns: 811, Time: 00:03:48

Health: 0/58       AC:  2    Str: 28    XL:     4   Next: 59%
Magic:  3/3        EV: 12    Int:  4    God:    Trog [**....]
Gold:   34         SH:  0    Dex:  9    Spells: 3/3 levels left

rFire    . . .     SeeInvis .   a - +0 hand axe
rCold    . . .     Gourm    .   (no shield)
rNeg     . . .     Faith    .   b - +0 animal skin
rPois    .         Spirit   .   (helmet restricted)
rElec    .         Reflect  .   (no cloak)
rCorr    .         Harm     .   (no gloves)
MR       ++...                  (no boots)
Stlth    ..........             (no amulet)
HPRegen  1.19/turn              (no ring)
MPRegen  0.08/turn              (no ring)

@: berserking (expiring), regenerating, very quick
A: retaliatory headbutt, horns 2
a: Berserk, Trog's Hand, Burn Spellbooks, Renounce Religion


You were on level 2 of the Dungeon.
You worshipped Trog.
Trog was pleased with you.
You were hungry.

You visited 1 branch of the dungeon, and saw 2 of its levels.

You collected 34 gold pieces.

Inventory:

Hand Weapons
 a - a +0 hand axe (weapon)
Armour
 b - a +0 animal skin (worn)
Scrolls
 e - a scroll of teleportation {unknown}
 f - a scroll of fear {unknown}
 g - a scroll of remove curse {unknown}
 h - 3 scrolls of identify {unknown}
 i - a scroll of enchant armour {unknown}
Potions
 j - a potion of flight {unknown}
Comestibles
 c - 2 rations
 d - 5 chunks of flesh


   Skills:
 - Level 3.6 Fighting
 + Level 6.5 Axes
 - Level 2.4 Armour
 - Level 2.1 Dodging


You had 3 spell levels left.
You didn't know any spells.

Dungeon Overview and Level Annotations

Branches:
Dungeon (2/15)

Altars:


Innate Abilities, Weirdness & Mutations

You reflexively headbutt those who attack you in melee.
You have a pair of horns on your head.


Message History

Trog accepts your kill.
The goblin throws a stone.
The stone hits you but does no damage.
You slash the hobgoblin!
You kill the hobgoblin!
Trog accepts your kill. The goblin closely misses you.
The goblin hits you with a club.
* * * LOW HITPOINT WARNING * * *
Items here: ! ) [[ a mace; an animal skin; a shiny helmet; an amethyst potion You miss the goblin.
You barely miss the goblin. The goblin hits you but does no damage.
Unknown command.
You slash the goblin!
You kill the goblin!
Trog accepts your kill.
You slash the goblin!
You kill the goblin!
Trog accepts your kill.
You barely miss the rat. The rat bites you.
You die...

.##...#...##..... .##
[................
..###..###...#.#.... .#
..#...###...#...... ...
#...#..............
#..###..#####..........
##........####...#.....
#....).)#..##....#.....
#..r@()..............
###...).%...##...#...
###................
#....!.....##.###
...........#.# .#
..............# .
.......##.......
......###........
...... .........


You could see a rat.

Vanquished Creatures
  Terence (D:2)
  Robin (D:2)
  An adder (D:2)
  A worm (D:2)
  A leopard gecko (D:2)
  14 goblins
  5 hobgoblins
  8 jackals (D:1)
  A ball python (D:1)
  4 bats (D:1)
  4 frilled lizards
  11 kobolds
  5 rats
57 creatures vanquished.

Notes
Turn   | Place    | Note
-------+----------+-------------------------------------------
     0 | D:1      | nicolaieve the Minotaur Berserker began the quest for the Orb.
     0 | D:1      | Reached XP level 1. HP: 19/19 MP: 0/0
    36 | D:1      | Reached skill level 4 in Axes
    39 | D:1      | Reached XP level 2. HP: 25/26 MP: 1/1
   120 | D:1      | Reached ** piety under Trog
   120 | D:1      | Reached skill level 5 in Axes
   194 | D:1      | Reached XP level 3. HP: 13/31 MP: 2/2
   646 | D:2      | Noticed Terence
   648 | D:2      | Killed Terence
   656 | D:2      | Reached XP level 4. HP: 38/39 MP: 3/3
   660 | D:2      | Reached skill level 6 in Axes
   798 | D:2      | Noticed Robin
   806 | D:2      | Killed Robin
   808 | D:2      | HP: 1/58 [goblin/club[Robin] (5)]
   811 | D:2      | Slain by a rat

Skill      XL: |  1  2  3  4 |
---------------+-------------+-----
Axes           | 4 5 6 |  6.5
Fighting       | |  3.6
Armour         | |  2.4
Dodging        | |  2.1

Action                   |  1- 3 |  4- 6 || total
-------------------------+-------+-------++-------
Melee: Hand axe          |    54 |    36 ||    90
       Headbutt          |     8 |     4 ||    12
Invok: Berserk           |     2 |     1 ||     3
       Trog's Hand       |       |     1 ||     1
  Eat: Chunk             |       |     2 ||     2
Armor: Animal skin       |    16 |     3 ||    19
Dodge: Dodged            |    45 |    18 ||    63
